 Dungeon Crawl Stone Soup version 0.29.1-1-gd02db69 (webtiles) character file.

Game seed: 6822050103563731398

21 Timinator the Insei (level 2, -2/23 HPs)
             Began as a Demigod Transmuter on Jan 11, 2023.
             Slain by a ball python (3 damage)
             ... on level 1 of the Dungeon.
             The game lasted 00:01:17 (431 turns).

Timinator the Insei (Demigod Transmuter)             Turns: 431, Time: 00:01:17

Health: -2/23      AC:  2    Str: 11    XL:     2   Next: 45%
Magic:  6/7        EV: 12    Int: 15    God:
Gold:   0          SH:  0    Dex: 14    Spells: 4/5 levels left

rFire   . . .      SeeInvis .     - Unarmed
rCold   . . .      Faith    .   (no shield)
rNeg    . . .      Spirit   .   b - +0 robe
rPois   .          Reflect  .   (helmet currently unavailable)
rElec   .          Harm     .   (no cloak)
rCorr   .          Rampage  .   (no gloves)
Will    .....                   (boots currently unavailable)
Stlth   +.........              (no amulet)
HPRegen 0.07/turn               (no ring)
MPRegen 0.10/turn               (no ring)

@: appendages
A: horns 2, talons 2, high MP 1, forlorn, divine attributes
a: End Transformation


You were on level 1 of the Dungeon.
You had temporarily grown beastly horns and talons.
You visited 1 branch of the dungeon, and saw 1 of its levels.

Inventory:

Armour
 b - a +0 robe (worn)
Scrolls
 c - a scroll of noise {unknown}
 d - a scroll of blinking {unknown}


   Skills:
 * Level 1.2 Fighting
 * Level 0.8 Armour
 + Level 1.9 Dodging
 + Level 3.0 Unarmed Combat
 - Level 2.0 Spellcasting
 + Level 1.8 Transmutations


You had 4 spell levels left.
You knew the following spells:

 Your Spells              Type           Power      Damage    Failure   Level
a - Beastly Appendage     Tmut           14%        N/A       11%         1

Your spell library contained the following spells:

 Spells                   Type           Power      Damage    Failure   Level
 Wereblood                Tmut           7%         N/A       16%         2
 Spider Form              Tmut/Pois      4%         N/A       41%         3
 Ice Form                 Ice/Tmut       4%         N/A       83%         4


Dungeon Overview and Level Annotations

Branches:
Dungeon (1/15)


Innate Abilities, Weirdness & Mutations

You have temporarily grown beastly horns and talons.
You have an increased reservoir of magic. (+10% MP)
You shall have no god before yourself.
Your divine heritage dramatically boosts your attributes as you level up.


Message History

The ball python constricts you.
You hit the ball python. Your punch misses the ball python.
The ball python is severely wounded.
The ball python bites you but does no damage.
The ball python constricts you.
You hit the ball python.
You kill the ball python!
Your horns disappear.
Your talons disappear.
The ball python barely misses you. The ball python closely misses you.
The endoplasm freezes you.
You are frozen.
The ball python bites you. The ball python closely misses you.
The endoplasm freezes you.
You are frozen.
The ball python misses you. The ball python grabs you.
The ball python constricts you.
You see here a ball python corpse.
Casting: Beastly Appendage (safe; 11% risk of failure)
Confirm with . or Enter, or press ? or * to list all spells.
You grow a pair of large bovine horns.
Your feet morph into talons.
The endoplasm freezes you.
You are frozen.
* * * LOW HITPOINT WARNING * * *
The ball python barely misses you. The ball python constricts you.
* * * LOW HITPOINT WARNING * * *
You aren't carrying any potions.
You barely miss the ball python. The endoplasm barely misses you.
The ball python bites you but does no damage.
The ball python constricts you.
You escape the ball python's grasp.
The endoplasm hits you.
* * * LOW HITPOINT WARNING * * *
The ball python bites you.
* * * LOW HITPOINT WARNING * * *
The ball python closely misses you.
The ball python attacks as you move away!
The ball python misses you.
The ball python attacks as you move away!
The ball python misses you. The endoplasm closely misses you.
The ball python attacks as you move away!
The ball python bites you.
You die...

#....##'#♣♣~P~
#...(...♣♣~~~~
###....♣♣♣~~P~
.#############.###♣♣P~~~~
..................♣♣♣~~~~~
...........†..#.#♣♣~~≈~≈≈~
.............#.#♣♣~~≈≈≈≈~
#.......###.#.[~~P~≈≈≈≈~
#....PP@# #.†..#♣~~~~~≈~
#...P.JS♣.#.#....P~P~~~~
#..~~~.r~.#.#.....~~~~~~
#.P~~†~~~P..#.##..#♣~~~~
#...~~~~..#.#.# ..#.~~~.
#..~~≈≈~~.#.#.# ..#.#~~.
....P~~≈≈~....... .......
####..~≈~.~P#.#.# #......
..~.♣~~...... ...###.#.


You could see an endoplasm, a quokka and a ball python.

Vanquished Creatures
  A gnoll (D:1)
  A dart slug (D:1)
  A goblin (D:1)
  A hobgoblin (D:1)
  A kobold (D:1)
  2 ball pythons (D:1)
  2 bats (D:1)
9 creatures vanquished.

Vanquished Creatures (others)
  2 plants (D:1)
2 creatures vanquished.

Grand Total: 11 creatures vanquished

Notes
Turn   | Place    | Note
-------+----------+-------------------------------------------
     0 | D:1      | Timinator the Demigod Transmuter began the quest for the
                  | Orb.
     0 | D:1      | Reached XP level 1. HP: 15/15 MP: 5/5
    60 | D:1      | Reached skill level 1 in Fighting
   109 | D:1      | Reached skill level 3 in Unarmed Combat
   109 | D:1      | Reached XP level 2. HP: 7/23 MP: 5/7
   428 | D:1      | HP: 1/23 [ball python (1)]
   431 | D:1      | Slain by a ball python

Illustrated notes

Levels and vault maps discovered:
D:1:      minmay_arrival_five_plusses, layout_basic,
          shapermc_ecumenical_altar_starsandcircs, serial_bayou,
          serial_bayou_lagoon_b, serial_bayou_ford_a, serial_bayou_shore_b,
          serial_bayou_pond_d, serial_bayou_crossing, serial_bayou_pond_b

Skill      XL: |  1  2 |
---------------+-------+-----
Fighting       | 1 |  1.2
Unarmed Combat | 3 |  3.0
Spellcasting   | 2 |  2.0
Armour         | |  0.8
Dodging        | |  1.9
Transmutations | |  1.8

Action                   || total
-------------------------++-------
Melee: Unarmed           ||    31
       Kick              ||     3
       Headbutt          ||     1
 Cast: Beastly Appendage ||     5
  Use: Potion            ||     1
Armor: Skin              ||     8
       Robe              ||     5
Dodge: Dodged            ||    24
